Map: SALT - Roach-Ravager-Timing - Frozen Temple (LOTV)

Players

Rizzo

  • Race: Zerg Zerg
  • League: Diamond
  • Spawn Location: 5:00

AI

  • Race: Protoss Protoss
  • Spawn Location: 11:00

VOD

Have the link to the VOD?

Description

Time

  • Played on: March 6, 2017, 5:48 p.m.
  • Length: 10:45
Show
View Real Time Build Order
Export as new Build Order

Rizzo Zerg 

Build Orders: Hatch First 

Get SALT Encoding   

  12  0:00  Overlord, Drone x12  
  12  0:06  Unknown  
  12  0:10  Drone  
  13  0:19  Overlord  
  13  0:24  Drone  
  17  0:43  Drone x2  
  17  0:48  Drone  
  17  1:07  Hatchery  
  17  1:17  Drone  
  17  1:30  Spawning Pool  
  16  1:35  Drone  
  16  1:37  Drone  
  18  1:44  Drone  
  19  1:49  Drone  
  20  2:00  Overlord  
  20  2:17  Queen  
  20  2:19  Zergling x2  
  20  2:21  Zergling x2  
  24  2:26  Queen  
  24  2:29  Drone  
  27  2:31  Spine Crawler  
  27  2:35  Drone  
  27  2:36  Drone  
  28  2:43  Overlord  
  28  2:53  Drone  
  29  3:02  Queen  
  29  3:03  Queen  
  29  3:05  Drone x3  
  36  3:10  Overlord  
  36  3:14  Drone  
  36  3:19  Drone  
  38  3:27  Drone x3  
  38  3:29  Drone  
  38  3:34  Extractor  
  41  3:35  Extractor x2  
  41  3:36  Extractor  
  41  3:39  Drone x4  
  42  3:53  Drone x2  
  44  3:56  Overlord  
  44  3:57  Drone x2  
  44  4:00  Drone  
  44  4:02  Drone  
  48  4:05  Drone  
  54  4:34  Evolution Chamber  
  54  4:35  Drone x2  
  54  4:36  Lair, Drone x3  
  53  4:43  Evolution Chamber  
  54  4:50  Drone x2  
  57  4:54  Drone x2  
  57  4:56  Drone  
  57  5:02  Roach Warren  
  56  5:12  Overlord  
  56  5:20  Zerg Missile Weapons Level 1  
  56  5:22  Zerg Ground Armor Level 1  
  56  5:26  Overlord  
  56  5:30  Overlord  
  56  5:39  Hatchery  
  55  5:48  Glial Reconstitution  
  55  5:49  Roach  
  61  5:50  Roach x2  
  61  6:00  Roach x4  
  69  6:08  Roach x3  
  69  6:10  Overlord  
  75  6:16  Overlord  
  75  6:17  Roach  
  75  6:18  Roach  
  79  6:20  Roach  
  81  6:26  Roach  
  81  6:27  Overlord  
  85  6:33  Roach x3  
  89  6:41  Roach  
  89  6:42  Roach  
  93  6:47  Roach x3  
  99  6:58  Overlord x2  
  99  6:59  Drone x4  
  103  7:05  Drone  
  103  7:07  Drone  
  105  7:09  Drone  
  105  7:14  Zerg Missile Weapons Level 2  
  106  7:16  Overlord x2  
  106  7:19  Drone x3  
  106  7:20  Drone  
  109  7:28  Roach x3  
  111  7:32  Drone x4  
  111  7:34  Drone x2  
  109  7:43  Zerg Ground Armor Level 2  
  105  7:45  Roach x2  
  109  7:55  Extractor  
  109  7:56  Hydralisk Den  
  105  8:00  Drone x4  
  105  8:02  Overlord  
  105  8:03  Extractor  
  108  8:05  Hatchery  
  108  8:11  Drone x4  
  111  8:16  Overlord  
  111  8:17  Overlord, Roach  
  111  8:18  Roach  
  115  8:30  Overlord  
  115  8:31  Overlord  
  115  8:32  Roach x6  
  127  8:44  Roach x3  
  127  8:45  Roach x3  
  127  8:47  Muscular Augments  
  139  8:54  Overlord  
  139  8:55  Roach x2  
  143  8:56  Roach x2  
  143  8:59  Roach  
  147  9:13  Hydralisk x6  
  159  9:21  Drone  
  159  9:22  Drone x4  
  159  9:23  Hydralisk, Drone  
  167  9:24  Hydralisk  
  169  9:31  Infestation Pit  
  168  9:38  Hydralisk x4  
  168  9:40  Overlord  
  176  9:54  Hydralisk x5  
  176  9:56  Hydralisk  
  188  10:15  Hydralisk x2  
  188  10:16  Hydralisk x4  
  200  10:33  Overseer  
  200  10:38  Spine Crawler  
  200  10:40  Spine Crawler x3  
Show
View Real Time Build Order
Export as new Build Order

AI Protoss 

Build Orders:  

Get SALT Encoding   

  12  0:00  Probe x12 (Chrono Boost)  
  12  0:06  Unknown  
  13  0:07  Probe (Chrono Boost)  
  13  0:17  Probe (Chrono Boost)  
  14  0:28  Probe (Chrono Boost)  
  15  0:31  Pylon  
  15  0:56  Probe (Chrono Boost)  
  17  1:13  Probe (Chrono Boost)  
  17  1:20  Nexus  
  17  1:24  Probe (Chrono Boost)  
  18  1:33  Gateway  
  18  1:48  Pylon  
  18  1:50  Assimilator  
  18  2:02  Probe (Chrono Boost)  
  19  2:13  Probe (Chrono Boost)  
  20  2:18  Zealot  
  22  2:24  Probe (Chrono Boost)  
  22  2:26  Gateway  
  23  2:30  Cybernetics Core  
  23  2:34  Assimilator  
  23  2:35  Probe (Chrono Boost)  
  24  2:44  Pylon  
  24  2:46  Probe (Chrono Boost)  
  24  2:49  Probe (Chrono Boost)  
  26  3:04  Stalker  
  28  3:16  Warp Gate  
  28  3:28  Probe (Chrono Boost)  
  28  3:31  Probe (Chrono Boost), Adept  
  32  4:01  Robotics Facility  
  34  4:03  Zealot  
  36  4:32  Nexus  
  36  4:43  Stalker  
  36  4:44  Nexus  
  37  5:00  Stalker  
  37  5:31  Nexus  
  37  5:50  Nexus  
  37  6:01  Immortal  
  37  6:09  Probe (Chrono Boost)  
  42  6:13  Probe (Chrono Boost)  
  42  6:16  Probe (Chrono Boost)  
  44  6:32  Stalker  
  46  6:57  Sentry  
  48  7:03  Probe (Chrono Boost)  
  48  7:05  Probe (Chrono Boost)  
  51  7:08  Probe (Chrono Boost)  
  51  7:11  Probe (Chrono Boost)  
  51  7:14  Probe (Chrono Boost)  
  53  7:17  Probe (Chrono Boost)  
  53  7:20  Probe (Chrono Boost)  
  56  7:23  Probe (Chrono Boost), Stalker  
  51  7:30  Stalker  
  37  7:44  Stalker  
  38  7:51  Stalker  
  38  7:52  Probe (Chrono Boost)  
  32  8:04  Stalker  
  34  8:06  Probe (Chrono Boost)  
  34  8:10  Probe (Chrono Boost)  
  34  8:12  Zealot  
  36  8:16  Pylon  
  34  8:20  Pylon  
  34  8:22  Pylon  
  34  8:26  Immortal  
  37  8:36  Zealot  
  37  8:55  Zealot  
  34  9:00  Probe (Chrono Boost), Pylon  
  20  9:03  Probe (Chrono Boost)  
  21  9:14  Probe (Chrono Boost), Zealot  
  16  9:25  Probe (Chrono Boost)  
  16  9:36  Probe (Chrono Boost)  
  6  9:48  Probe (Chrono Boost)  
Tags
 
Add a new tag
Caveats
  • Supply blocks, unpowered buildings, or Contaminate may cause inaccurate times.
  • Supply counts are checked every 10 seconds.